 Dungeon Crawl Stone Soup version 0.30.1-4-g462c640d31 (webtiles) character file.

Game seed: 2613156673863580944

39071 spardeous the Placeless Demigod (level 13, -2/113 HPs)
             Began as a Demigod Conjurer on Aug 11, 2023.
             Slain by a fire elemental (5 damage)
             ... led by Azrael
             ... on level 14 of the Dungeon.
             The game lasted 00:37:09 (26541 turns).

spardeous the Placeless Demigod (Demigod Conjurer) Turns: 26541, Time: 00:37:09

Health: -2/113     AC: 13    Str: 19    XL:     13   Next: 33%
Magic:  5/31       EV: 10    Int: 34    God:
Gold:   627        SH:  6    Dex: 15    Spells: 19/32 levels left

rFire   . . .        S - +7 sling "Vonal" {speed, rPois Will+ Dex+3}
rCold   + . .        t - +0 buckler
rNeg    . . .        R - +2 scale mail {rC+}
rPois   +            (no helmet)
rElec   .            V - +0 cloak
rCorr   .            N - +2 pair of gloves {Str+3}
SInv    .            I - +0 pair of boots
Will    ++...        (no amulet)
Stlth   +            A - +6 ring of intelligence
HPRegen 0.38/turn    w - ring of wizardry
MPRegen 0.22/turn

%: wizardry (x1)
@: no status effects
A: high MP 1, forlorn, divine attributes
a: no special abilities


You were on level 14 of the Dungeon.
You visited 1 branch of the dungeon, and saw 14 of its levels.
You also visited: Sewer.

You collected 1001 gold pieces.
You spent 374 gold pieces at shops.

Inventory:

Hand Weapons
 d - a +2 dagger of venom
 G - a +0 heavy morningstar
 P - the +5 falchion of the Blind Eye {speed, rCorr Str+4}
   (You found it on level 8 of the Dungeon)

   Str:       It affects your strength (+4).
   rCorr:     It protects you from acid and corrosion.
 S - the +7 sling "Vonal" (weapon) {speed, rPois Will+ Dex+3}
   (You found it on level 9 of the Dungeon)

   Dex:       It affects your dexterity (+3).
   rPois:     It protects you from poison.
   Will:      It increases your willpower.
Missiles
 D - a throwing net
Armour
 q - a scarf of shadows
 t - a +0 buckler (worn)
 I - a +0 pair of boots (worn)
 K - +0 steam dragon scales
 N - a +2 pair of gloves of strength (worn)
 R - a +2 scale mail of cold resistance (worn)
 V - a +0 cloak (worn)
Magical Staves
 u - a staff of death
Jewellery
 e - a ring of flight
 k - a ring of willpower
 r - a ring of positive energy
 w - a ring of wizardry (right hand)
 A - a +6 ring of intelligence (left hand)
 C - a ring of ice
 T - a ring of wizardry
 W - a ring of fire
 X - a ring of protection from fire
Wands
 b - a wand of paralysis (5)
 H - a wand of polymorph (3)
 L - a wand of iceblast (23)
 O - a wand of flame (18)
Scrolls
 a - 2 scrolls of immolation
 c - 2 scrolls of brand weapon
 h - 4 scrolls of amnesia
 o - 3 scrolls of vulnerability
 p - a scroll of teleportation
 v - 6 scrolls of enchant armour {unknown}
 x - 5 scrolls of fear {unknown}
 B - a scroll of magic mapping
 E - 4 scrolls of fog
 Y - a scroll of poison
 Z - a scroll of identify
Potions
 f - 10 potions of curing
 g - 4 potions of degeneration {unknown}
 i - 6 potions of heal wounds {unknown}
 j - 2 potions of cancellation {unknown}
 l - 3 potions of mutation {unknown}
 m - 2 potions of might
 n - a potion of attraction
 s - a potion of berserk rage
 z - a potion of resistance
 F - 2 potions of lignification
 J - 5 potions of haste {unknown}
 M - 3 potions of flight {unknown}
 U - 2 potions of ambrosia
Miscellaneous
 Q - a phantom mirror


   Skills:
 - Level 10.1 Fighting
 - Level 1.7 Dodging
 - Level 1.7 Stealth
 + Level 8.1 Shields
 - Level 10.0 Spellcasting
 - Level 10.1 Conjurations
 - Level 11.0 Translocations


You had 19 spell levels left.
You knew the following spells:

 Your Spells              Type           Power      Damage    Failure   Level
a - Magic Dart            Conj           100%       1d8       1%          1
b - Searing Ray           Conj           100%       2d8       1%          2
c - Iskenderun's Mystic   Conj/Tloc      73%        2d15      1%          4
d - Foxfire               Conj/Fire      100%       2x1d9     1%          1
e - Arcjolt               Conj/Air       25%        1d35      14%         5

Your spell library contained the following spells:

 Spells                   Type           Power      Damage    Failure   Level
 Apportation              Tloc           100%       N/A       1%          1
 Kiss of Death            Conj/Necr      100%       2d13      1%          1
 Blink                    Tloc           100%       N/A       1%          2
 Dazzling Flash           Conj/Hex       100%       N/A       1%          3
 Vhi's Electric Charge    Tloc/Air       100%       N/A       1%          3
 Manifold Assault         Tloc           75%        N/A       1%          4
 Passage of Golubria      Tloc           75%        N/A       1%          4
 Necrotise                Necr           68%        1d7       4%          1
 Summon Small Mammal      Summ           68%        N/A       4%          1
 Fulminant Prism          Conj/Hex       25%        3d14      4%          4
 Confusing Touch          Hex            17%        N/A       12%         3
 Tukima's Dance           Hex            17%        N/A       12%         3
 Fireball                 Conj/Fire      25%        3d11      14%         5
 Dispel Undead            Necr           17%        3d10      36%         4
 Starburst                Conj/Fire      25%        6d8       56%         6
 Silence                  Hex/Air        8%         N/A       69%         5
 Yara's Violent Unravell  Hex/Tmut       8%         3d5       69%         5
 Plasma Beam              Fire/Air       8%         2x1d21    99%         6
 Storm Form               Tmut/Air       8%         N/A       100%        7
 Lehudib's Crystal Spear  Conj/Erth      25%        10d7      100%        8


Dungeon Overview and Level Annotations

Branches:
Dungeon (14/15)            Temple (0/1) D:5            Lair (0/5) D:11
    Orc (0/2) D:12          Sewer (visited)
 Vaults: D:13-14

Shops:
D:7 *([(?

Annotations:
D:14 Azrael


Innate Abilities, Weirdness & Mutations

You have an increased reservoir of magic. (+10% MP)
You shall have no god before yourself.
Your divine heritage dramatically boosts your attributes as you level up.


Message History

The blast of flame hits the fire elemental.
The fire elemental completely resists.
The blast of flame hits you!
* * * LOW HITPOINT WARNING * * *
The fire elemental hits you. The fire elemental burns you!
* * * LOW HITPOINT WARNING * * *
You take 24 damage, and have 26/113 hp.
MASSIVE DAMAGE!!
You now have 2/31 mp.
Blink to where?
Press: ? - help, Dir - move target
As you read the scroll of blinking, it crumbles to dust.
The hell hound breathes flames at you. The blast of flame hits you!
* * * LOW HITPOINT WARNING * * *
You take 14 damage, and have 16/113 hp.
The hell hound breathes flames at you.
The blast of flame hits the fire elemental.
The fire elemental completely resists.
The blast of flame hits you!
* * * LOW HITPOINT WARNING * * *
The hell hound breathes flames at you. The blast of flame hits you.
* * * LOW HITPOINT WARNING * * *
You take 13 damage, and have 3/113 hp.
Okay, then.
The air fills with toxic fumes!
As you read the scroll of poison, it crumbles to dust.
The fire elemental barely misses you.
You feel better.
The hell hound is engulfed in poison gas.
The hell hound is poisoned.
The fire elemental hits you. The fire elemental burns you!
* * * LOW HITPOINT WARNING * * *
You take 2 damage, and have 1/113 hp.
You feel better.
The hell hound is engulfed in poison gas.
The hell hound looks even sicker.
The hell hound breathes flames at you.
The blast of flame misses the hell hound.
The blast of flame hits you!
* * * LOW HITPOINT WARNING * * *
The fire elemental hits you. The fire elemental burns you!
You die...

...#........÷.#
#######§#§§§.......##
...§§§§§§§§§(.#####(.
#'#§§§§.§§§..# #..
#§§§..§§§..# #..
#§§h§§§§§..# ##.
#§○§§§§§§..####.##
#Eh§§§§§###...##..
#@§§§§§## #.)..#.8
########§§§§§## ######..
.......§§§§§## .B.C
C.....§§§§§§§## ######..
.....§§§§§§§§§## #...[#.>
....§§§§§§§§§§§###...##..
...§§§§§§§§§§§§§..####.##
..§§§§§§§§§§§§§§..# .#
..yy..............#


You could see a fire elemental and 2 hell hounds.

Vanquished Creatures
  Nessos (D:13)
  An ogre mage (D:11)
  4 boulder beetles
  3 centaur warriors
  5 two-headed ogres
  7 death yaks
  The ghost of gdog the Covert, a novice GnDe of Gozag (D:6)
  4 ugly things
  4 deep elf pyromancers
  6 cyclopes
  2 manticores (D:14)
  A gargoyle (D:14)
  4 unseen horrors
  A kobold demonologist (D:11)
  2 efreet
  A komodo dragon (D:13)
  A tengu conjurer (D:11)
  8 trolls
  4 hornets
  3 slime creatures (D:12)
  Sigmund (D:4)
  2 shadows
  A centaur simulacrum (D:11)
  A water elemental (D:14)
  41 yaks
  3 wyverns
  4 vampires
  3 fire elementals (D:14)
  3 steam dragons
  9 vampire mosquitoes
  An acid dragon (D:11)
  A water moccasin (D:8)
  Duvessa (D:7)
  A hell hound (D:14)
  4 black bears
  8 orc warriors
  An ice beast (D:5)
  3 ogres
  A boggart (D:14)
  3 centaurs
  A phantom (D:6)
  3 kobold brigands
  4 bullfrogs
  3 gnoll sergeants (D:8)
  9 wights
  Dowan (D:7)
  3 killer bees (D:10)
  3 howler monkeys
  An electric eel (D:12)
  3 hounds
  7 orc priests
  6 iguanas
  4 sleepcaps
  14 orc wizards
  7 gnolls (D:8)
  9 adders
  A shadow imp (D:8)
  2 white imps
  2 ufetubi (D:6)
  2 worms
  5 dart slugs
  60 orcs
  13 endoplasms
  13 giant cockroaches
  8 hobgoblins
  5 jackals
  15 quokkas
  12 ball pythons
  9 bats
  14 frilled lizards
  10 goblins
  17 kobolds
  8 rats
429 creatures vanquished.

Vanquished Creatures (others)
  32 foxfires (D:14)
32 creatures vanquished.

Grand Total: 461 creatures vanquished

Notes
Turn   | Place    | Note
-------+----------+-------------------------------------------
     0 | D:1      | spardeous the Demigod Conjurer began the quest for the Orb.
     0 | D:1      | Reached XP level 1. HP: 14/14 MP: 5/5
   387 | D:1      | Reached XP level 2. HP: 19/20 MP: 2/7
   889 | D:1      | You are sucked into a shaft and drop 1 floor!
  1011 | D:2      | Reached XP level 3. HP: 21/26 MP: 4/9
  2721 | D:3      | Reached XP level 4. HP: 33/33 MP: 8/11
  2930 | D:2      | Learned a level 2 spell: Searing Ray
  2977 | D:2      | Learned a level 4 spell: Iskenderun's Mystic Blast
  3148 | D:3      | Reached skill level 5 in Conjurations
  4189 | D:4      | Noticed an ogre
  4196 | D:4      | Killed an ogre
  4197 | D:4      | Reached XP level 5. HP: 38/38 MP: 3/12
  4332 | D:4      | Noticed a black bear
  4337 | D:4      | Killed a black bear
  4338 | D:4      | Reached XP level 6. HP: 39/45 MP: 6/13
  4769 | D:4      | Noticed Sigmund
  4775 | D:4      | Killed Sigmund
  5015 | D:4      | Reached XP level 7. HP: 34/50 MP: 5/14
  5308 | D:5      | Entered Level 5 of the Dungeon
  5414 | D:5      | Found a staircase to the Ecumenical Temple.
  5676 | D:5      | Reached skill level 1 in Translocations
  5833 | D:5      | Reached skill level 2 in Translocations
  5949 | D:5      | Reached skill level 3 in Translocations
  6496 | D:6      | Reached skill level 4 in Translocations
  6650 | D:6      | Found a glowing drain.
  6678 | Sewer    | Entered a sewer
  6756 | Sewer    | Reached XP level 8. HP: 57/57 MP: 8/15
  7777 | D:6      | Found a runed translucent gate.
  7777 | D:6      | Found a runed translucent gate.
  7778 | D:6      | Found a runed translucent gate.
  7779 | D:6      | Noticed gdog's ghost (novice GnDe)
  8363 | D:6      | Killed gdog's ghost
  8642 | D:7      | Noticed a hornet
  8656 | D:7      | Killed a hornet
  8797 | D:7      | Reached XP level 9. HP: 26/60 MP: 2/23
  8915 | D:7      | Reached skill level 5 in Translocations
  9080 | D:7      | Noticed Duvessa
  9080 | D:7      | Noticed Dowan
  9171 | D:7      | Killed Duvessa
  9241 | D:7      | Killed Dowan
  9247 | D:7      | Reached skill level 6 in Translocations
  9520 | D:7      | Found Raithryq's Weapon Shop.
  9605 | D:7      | Found Mueshroch's Assorted Antiques.
  9660 | D:7      | Bought a fizzy white potion for 21 gold pieces
  9660 | D:7      | Bought a scroll labelled UCWOVVUOMO for 24 gold pieces
  9660 | D:7      | Bought a red potion for 21 gold pieces
  9660 | D:7      | Bought 2 pink potions for 43 gold pieces
  9759 | D:7      | Found Itaygunuv's Armour Emporium.
  9882 | D:7      | Found Maenuen's Antique Weapon Shoppe.
  9885 | D:7      | Found Daineir's Magic Scroll Boutique.
  9893 | D:7      | Bought a scroll of identify for 26 gold pieces
  9893 | D:7      | Bought a scroll of teleportation for 39 gold pieces
  9899 | D:7      | Bought a glimmering falchion for 200 gold pieces
  9899 | D:7      | Identified the +5 falchion "Saovaytig" {antimagic, Will++}
                  | (You bought it in a shop on level 7 of the Dungeon)
 10000 | D:7      | Reached skill level 7 in Translocations
 10353 | D:8      | Reached skill level 8 in Translocations
 11165 | D:8      | Identified the +5 falchion of the Blind Eye {speed, rCorr
                  | Str+4}
 12025 | D:9      | Reached skill level 9 in Translocations
 12123 | D:9      | Reached XP level 10. HP: 48/69 MP: 11/24
 12276 | D:9      | Reached skill level 10 in Translocations
 12655 | D:9      | Identified the +7 sling "Vonal" {speed, rPois Will+ Dex+3}
 12889 | D:9      | Reached skill level 11 in Translocations
 13043 | D:10     | Entered Level 10 of the Dungeon
 13124 | D:10     | Noticed a two-headed ogre
 13142 | D:10     | Killed a two-headed ogre
 14389 | D:11     | Noticed a death yak
 14534 | D:11     | Killed a death yak
 14535 | D:11     | Reached XP level 11. HP: 52/74 MP: 8/28
 14642 | D:11     | Noticed a death yak
 14644 | D:11     | Noticed a death yak
 14675 | D:11     | Killed a death yak
 15139 | D:11     | Reached skill level 10 in Spellcasting
 15633 | D:11     | Noticed a death yak
 15640 | D:11     | Noticed a death yak
 15643 | D:11     | Noticed a death yak
 15873 | D:10     | Killed a death yak
 16190 | D:11     | Noticed a two-headed ogre
 16199 | D:11     | Killed a two-headed ogre
 16228 | D:11     | Noticed a two-headed ogre
 16350 | D:11     | Killed a two-headed ogre
 16467 | D:11     | Noticed a two-headed ogre
 16475 | D:11     | Killed a two-headed ogre
 16476 | D:11     | Reached skill level 10 in Conjurations
 16494 | D:11     | Reached skill level 1 in Fighting
 16650 | D:11     | Noticed a boulder beetle
 16654 | D:11     | Noticed a boulder beetle
 16666 | D:11     | Killed a boulder beetle
 16963 | D:11     | Found a staircase to the Lair.
 17087 | D:11     | Noticed an ogre mage
 17273 | D:11     | Noticed a centaur warrior
 17283 | D:11     | Killed an ogre mage
 17289 | D:11     | Killed a centaur warrior
 17290 | D:11     | Reached skill level 5 in Fighting
 17290 | D:11     | Reached XP level 12. HP: 34/94 MP: 24/30
 17597 | D:11     | Killed a boulder beetle
 18044 | D:10     | HP: 3/100 [death yak (19)]
 19968 | D:12     | Found a staircase to the Orcish Mines.
 20290 | D:12     | Reached skill level 10 in Fighting
 20653 | D:12     | Reached skill level 1 in Shields
 22049 | D:14     | Noticed a boulder beetle
 22049 | D:14     | Noticed Nessos
 23191 | D:14     | HP: 4/106 [cyclops/large rock (11)]
 23467 | D:13     | Killed Nessos
 23468 | D:13     | Reached XP level 13. HP: 113/113 MP: 14/31
 23845 | D:14     | Reached skill level 5 in Shields
 25377 | D:13     | Learned a level 1 spell: Foxfire
 25462 | D:13     | Learned a level 5 spell: Arcjolt
 26090 | D:14     | Identified the +1 leather armour of Vile {Harm rPois Int+3}
 26513 | D:14     | Noticed Azrael
 26538 | D:14     | HP: 3/113 [hell hound/blast of flame[Azrael] (3)]
 26540 | D:14     | HP: 1/113 [fire elemental[Azrael] (9)]
 26541 | D:14     | Slain by a fire elemental

Illustrated notes

Levels and vault maps discovered:
D:1:      lightli_arrival_isolated_outpost, layout_loops_ring,
          shapermc_ecumenical_altar_flowoftime, minmay_cupped
D:2:      wad_river_or_something, layout_loops_corners, basic_altar
D:3:      layout_loops_corners
D:4:      layout_basic, kennysheep_minor_cross, dreamdust_mushroom_princess,
          kennysheep_generic_room_5, uniq_sigmund
D:5:      layout_basic, okawaru_gym_becter, temple_fountains
D:6:      layout_loops_ring, ebering_ghost_gozag, cheibrodos_sewer_entry_sluice
D:7:      layout_rooms, marbit_many_paths, serial_shops,
          nicolae_shop_back_alley_shop, shop, shop, shop, shop_statue,
          bh_walls_and_bars, uniq_duvessa
D:8:      layout_loops_corners, nicolae_grassy_gnolls
D:9:      layout_rooms, minmay_misc_feat_cross
D:10:     layout_cave_pods, grunt_temple_overflow_open
D:11:     minmay_the_grid_3x2 [minmay_the_grid_minigrid_medium,
          minmay_the_grid_gridbox, minmay_the_grid_square_x,
          minmay_the_grid_tiny_cups, minmay_the_grid_x,
          minmay_the_grid_prize_four_corners], layout_rooms, dpeg_lair_monsters,
          minmay_misc_feat_tower
D:12:     layout_long_grid, hiddenorc2_lemuel, minmay_crystal_water
D:13:     layout_basic
D:14:     minmay_inside_and_out, layout_irregular_city, david_vaults_4,
          kennysheep_path_1, uniq_azrael, uniq_nessos

Skill      XL: |  1  2  3  4  5  6  7  8  9 10 11 12 13 |
---------------+----------------------------------------+-----
Spellcasting   | 2 3 7 8 10 | 10.0
Conjurations   | 4 5 6 7 8 10 | 10.1
Translocations | 4 9 11 | 11.0
Fighting       | 5 10 | 10.1
Shields        | 4 8 |  8.1
Dodging        | |  1.7
Stealth        | |  1.7

Action                     |  1- 3 |  4- 6 |  7- 9 | 10-12 | 13-15 || total
---------------------------+-------+-------+-------+-------+-------++-------
  Melee: Dagger            |    35 |       |    25 |       |       ||    60
         Unarmed           |     2 |       |       |       |       ||     2
         Falchion          |       |       |    10 |    29 |       ||    39
         Punch             |       |       |     1 |       |       ||     1
   Fire: Sling             |       |       |       |   316 |    38 ||   354
   Cast: Magic Dart        |    98 |    68 |   151 |       |       ||   317
         Searing Ray       |       |     9 |    33 |     5 |     5 ||    52
         Iskenderun's Myst |       |       |    84 |   308 |    89 ||   481
         Foxfire           |       |       |       |       |    18 ||    18
         Arcjolt           |       |       |       |       |     7 ||     7
  Evoke: Wand              |       |       |       |       |     2 ||     2
    Use: Scroll            |       |       |     6 |    12 |     5 ||    23
         Potion            |       |       |       |     7 |     2 ||     9
 Armour: Robe              |     7 |     1 |       |       |       ||     8
         Ring mail         |       |     4 |    19 |       |       ||    23
         Steam dragon scal |       |       |    20 |    66 |       ||    86
         Scale mail        |       |       |       |    13 |    32 ||    45
  Dodge: Dodged            |    17 |    14 |    64 |   115 |    36 ||   246
  Block: Buckler           |       |       |       |    29 |    13 ||    42
